 Dungeon Crawl Stone Soup version 0.21-a0-414-gba8bdf1 (webtiles) character file.

7466 torrenera the Cleaver (level 10, -3/92 HPs)
             Began as a Deep Dwarf Fighter on Nov 2, 2017.
             Was a Believer of Makhleb.
             Slain by Snorg (11 damage)
             ... on level 10 of the Dungeon.
             The game lasted 00:27:57 (7566 turns).

torrenera the Cleaver (Deep Dwarf Fighter)          Turns: 7566, Time: 00:27:59

Health: -3/92      AC: 21    Str: 23    XL:     10   Next: 94%
Magic:  3/3        EV:  7    Int:  9    God:    Makhleb [**....]
Gold:   472        SH:  0    Dex: 12    Spells: 9/9 levels left

rFire    . . .     SeeInvis .   a - +6 battleaxe
rCold    . . .     Gourm    .   (shield currently unavailable)
rNeg     . . .     Faith    .   D - +0 plate armour
rPois    .         Spirit   .   (no helmet)
rElec    .         Reflect  .   (no cloak)
rCorr    .         Harm     .   A - +1 pair of gloves
MR       ++...                  q - +0 pair of boots
Stlth    ..........             (no amulet)
HPRegen  0.00/turn              i - +5 ring of protection
MPRegen  0.08/turn              d - ring of protection from magic

@: about to teleport, non-regenerating, drained
A: damage resistance, heal wounds, sense surroundings 2, no regeneration
a: Heal Wounds, Minor Destruction, Renounce Religion


You were on level 10 of the Dungeon.
You worshipped Makhleb.
Makhleb was pleased with you.
You were hungry.

You visited 2 branches of the dungeon, and saw 11 of its levels.

You collected 472 gold pieces.

Inventory:

Hand Weapons
 a - a +6 battleaxe (weapon)
 b - a +0 blowgun
Missiles
 o - 4 tomahawks (quivered)
 U - 14 poisoned needles
Armour
 m - the +3 shield "Giymmy" {rF+ rC+ Dex+4}
   (You found it on level 9 of the Dungeon)

   It affects your dexterity (+4).
   It protects you from fire.
   It protects you from cold.
 q - a +0 pair of boots (worn)
 A - a +1 pair of gloves (worn)
 D - a +0 plate armour (worn)
Jewellery
 c - an uncursed ring of wizardry
 d - a ring of protection from magic (right hand)
 i - a +5 ring of protection (left hand)
 N - an uncursed ring of ice
 P - an uncursed ring of wizardry
 R - an uncursed ring of poison resistance
Wands
 j - a wand of iceblast (13/15)
 v - a wand of lightning (0/15)
 x - a wand of digging (18/24)
 B - a wand of disintegration (10/24)
 M - a wand of acid (3/15)
 O - a wand of acid (0/15)
 Q - a wand of flame (19/48)
 X - a wand of scattershot (0/9)
Scrolls
 e - 3 scrolls of teleportation
 h - a scroll of remove curse
 n - a scroll of enchant weapon
 y - a scroll of recharging {unknown}
 C - 3 scrolls of amnesia
 F - a scroll of fog {unknown}
 H - a scroll of fear {unknown}
 L - 2 scrolls of blinking {unknown}
 V - 3 scrolls of identify
Potions
 g - 3 potions of invisibility
 l - 6 potions of curing
 p - 3 potions of magic
 s - a potion of experience
 u - 2 potions of cancellation
 E - a potion of haste
 G - 3 potions of heal wounds
 I - a potion of berserk rage
 J - 2 potions of resistance
 K - 3 potions of mutation
 T - a potion of brilliance
 W - a potion of lignification
 Z - 2 potions of ambrosia {unknown}
Books
 t - a book of Cantrips

   Spells                             Type                      Level
   a - Confusing Touch                Hexes                        1
   b - Animate Skeleton               Necromancy                   1
   c - Summon Small Mammal            Summoning                    1
   d - Apportation                    Translocation                1
 z - a book of Maledictions

   Spells                             Type                      Level
   a - Corona                         Hexes                        1
   b - Ensorcelled Hibernation        Hexes/Ice                    2
   c - Confuse                        Hexes                        3
   d - Tukima's Dance                 Hexes                        3
   e - Dazzling Spray                 Conjuration/Hexes            3
Miscellaneous
 S - a sack of spiders
Comestibles
 f - 7 bread rations
 k - 4 royal jellies
 r - 7 meat rations
 w - 30 fruits


   Skills:
 * Level 6.7(6.3) Fighting
 + Level 14.8(14.4) Axes
 * Level 7.6(7.2) Armour
 - Level 3.2(2.9) Shields


You had 9 spell levels left.
You didn't know any spells.

Dungeon Overview and Level Annotations

Branches:
Dungeon (10/15)            Temple (1/1) D:6            Lair (0/6) D:10
    Orc (0/2) D:9

Altars:
Ashenzari
Cheibriados
Dithmenos
Elyvilon
Fedhas
Gozag
Hepliaklqana
Kikubaaqudgha
Makhleb
Nemelex Xobeh
Okawaru
Qazlal
Ru
Sif Muna
Trog
Uskayaw
Vehumet
Wu Jian
Xom
Yredelemnul
Zin
The Shining One
Lugonu

Portals:
Bailey: D:7

Annotations:
D:10 Snorg


Innate Abilities, Weirdness & Mutations

You are resistant to damage.
You can heal yourself by infusing magical energy.
You passively map the area around you.
You do not regenerate.


Message History

Snorg is heavily wounded.
Evoking this partially-identified wand wasted a few charges.
Snorg bites you but does no damage. Snorg claws you but does no damage.
Snorg claws you! Snorg closely misses you. Snorg claws you but does no damage.
Snorg barely misses you.
Evoke which item? (* to show all) (? for menu, Esc to quit)
Aiming: Scattershot (will waste charges)
Press: ? - help, Shift-Dir - straight line, f/p - Snorg
Aim: Snorg (heavily wounded, berserk, fast, unusually strong, covered in acid) Nothing appears to happen.
Snorg bites you! Snorg claws you!
* * * LOW HITPOINT WARNING * * *
Snorg claws you but does no damage.
You slice Snorg!!
Snorg is heavily wounded.
Snorg barely misses you. Snorg claws you!
* * * LOW HITPOINT WARNING * * *
Snorg claws you but does no damage. Snorg bites you!
* * * LOW HITPOINT WARNING * * *
Snorg claws you!
You die...

####'#### ###..
........#############
########
........'.##........#
#.......
........#.##[.......#
#......[
........#..#........#
* '.......
........##.'>.......#
#T#.......
........####........#
.. #....... ........#
#........#.# #.......
........#
#..>.@T..'.# #..<....
........#
#........### #.......
######'## ######'###
####.... #.# #.#
###..### #.# #.#
#....... #.# #.#
#....... #># #.#
#....... ##.# #.#
#.....|. #..# #.#
#.......


You could see Snorg (berserk).

Vanquished Creatures
  A centaur zombie (D:10)
  Joseph (D:8)
  3 trolls
  The ghost of Xenofane the Chopper, an amateur DsCK of Xom (D:4)
  2 hippogriffs
  4 yaks (D:9)
  2 wyverns
  Eustachio (D:5)
  A steam dragon (D:7)
  Edmund (D:6)
  A warg (D:9)
  A soldier ant (D:10)
  An ice beast (D:9)
  4 orc warriors
  A sky beast (D:6)
  A boggart (D:10)
  3 necrophages
  A phantom (D:6)
  4 ogres
  5 centaurs
  2 big kobolds
  3 bullfrogs
  3 scorpions
  3 killer bees (D:3)
  13 wights
  The ghost of Soeti the Insei, a weakling OpTm (D:3)
  3 crimson imps
  6 orc wizards
  7 orc priests
  A bullfrog skeleton (D:10)
  A gnoll shaman (D:7)
  3 hounds
  2 jellies
  Terence (D:3)
  7 worker ants
  A killer bee zombie (D:8)
  A hound zombie (D:4)
  2 hound skeletons
  A howler monkey zombie (D:4)
  3 gnolls (D:7)
  7 adders
  2 shadow imps
  4 adder skeletons
  6 worms
  3 dart slugs
  5 leopard geckos
  33 orcs
  5 bats
  2 giant cockroaches (D:2)
  10 hobgoblins
  3 quokkas
  6 frilled lizards
  11 goblins
  9 kobolds
  2 leopard gecko zombies
  A quokka skeleton (D:3)
  A quokka zombie (D:4)
  7 rats
  A withered plant (D:4)
221 creatures vanquished.

Vanquished Creatures (others)
  An orc wizard (D:4)
  2 withered plants (D:4)
3 creatures vanquished.

Grand Total: 224 creatures vanquished

Notes
Turn   | Place    | Note
-------+----------+-------------------------------------------
     0 | D:1      | torrenera the Deep Dwarf Fighter began the quest for the Orb.
     0 | D:1      | Reached XP level 1. HP: 20/20 MP: 1/1
   133 | D:1      | Reached skill level 3 in Axes
   133 | D:1      | Reached XP level 2. HP: 27/27 MP: 2/2
   395 | D:1      | You fall through a shaft!
   410 | D:2      | Reached skill level 4 in Axes
   410 | D:2      | Reached XP level 3. HP: 24/33 MP: 3/3
   601 | D:2      | Reached XP level 4. HP: 21/40 MP: 4/4
   944 | D:3      | Reached skill level 5 in Axes
   960 | D:3      | Noticed Soeti's ghost (weakling OpTm)
   996 | D:3      | Killed Soeti's ghost
  1014 | D:3      | Reached XP level 5. HP: 10/46 MP: 5/5
  1085 | D:3      | Reached skill level 6 in Axes
  1104 | D:3      | Found an iron altar of Okawaru.
  1116 | D:3      | HP: 2/46 [worm (3)]
  1257 | D:3      | Found a faded altar of an unknown god.
  1289 | D:3      | Reached skill level 7 in Axes
  1289 | D:3      | Reached XP level 6. HP: 22/55 MP: 4/4
  1442 | D:3      | Noticed Terence
  1454 | D:3      | Killed Terence
  1804 | D:4      | Reached skill level 8 in Axes
  1871 | D:4      | Noticed Xenofane's ghost (amateur DsCK)
  1891 | D:4      | Killed Xenofane's ghost
  1891 | D:4      | Reached skill level 9 in Axes
  1891 | D:4      | Reached XP level 7. HP: 11/61 MP: 4/4
  2038 | D:4      | Found a bloodstained altar of Trog.
  2039 | D:4      | Found a shimmering altar of Xom.
  2523 | D:4      | Found a snail-covered altar of Cheibriados.
  2592 | D:5      | Entered Level 5 of the Dungeon
  2597 | D:5      | Reached skill level 10 in Axes
  2658 | D:5      | Noticed Eustachio
  2763 | D:5      | Reached XP level 8. HP: 15/68 MP: 4/4
  3115 | D:6      | Found a stormy altar of Qazlal.
  3175 | D:6      | Reached skill level 11 in Axes
  3366 | D:6      | Found a deep blue altar of Sif Muna.
  3374 | D:6      | Found an opulent altar of Gozag.
  3402 | D:6      | Noticed Edmund
  3430 | D:6      | Killed Edmund
  3460 | D:6      | Found a sacrificial altar of Ru.
  3476 | D:6      | Found a staircase to the Ecumenical Temple.
  3532 | Temple   | Entered the Ecumenical Temple
  3782 | D:6      | Reached skill level 12 in Axes
  3937 | D:5      | HP: 2/68 [Eustachio/rapier of electrocution (10)]
  3943 | D:5      | Killed Eustachio
  4051 | D:5      | Gained mutation: You passively map the area around you. [Deep Dwarf growth]
  4051 | D:5      | Reached XP level 9. HP: 16/74 MP: 5/5
  4415 | D:7      | Found a hide-covered altar of Uskayaw.
  4455 | D:7      | Noticed a troll
  4473 | D:7      | Killed a troll
  4473 | D:7      | Reached skill level 13 in Axes
  4539 | D:7      | Found a flagged portal.
  5020 | D:8      | HP: 3/78 [orc priest/divine providence (10)]
  5080 | D:8      | Noticed Joseph
  5108 | D:8      | Killed Joseph
  5108 | D:8      | Reached skill level 5 in Armour
  5123 | D:8      | Found a burning altar of Makhleb.
  5134 | D:8      | Became a worshipper of Makhleb the Destroyer
  5932 | D:9      | Found a white marble altar of Elyvilon.
  6073 | D:9      | Reached XP level 10. HP: 36/87 MP: 3/3
  6220 | D:9      | Found a shadowy altar of Dithmenos.
  6237 | D:9      | Reached skill level 5 in Fighting
  6239 | D:9      | Reached * piety under Makhleb
  6255 | D:9      | Reached skill level 14 in Axes
  6293 | D:9      | Found a staircase to the Orcish Mines.
  6382 | D:9      | Got a transparent shield
  6390 | D:9      | Identified the +3 shield "Giymmy" {rF+ rC+ Dex+4} (You found it on level 9 of the Dungeon)
  6447 | D:9      | Found a hazy altar of Hepliaklqana.
  6567 | D:9      | Found a radiant altar of Vehumet.
  6574 | D:9      | Found a sparkling altar of Nemelex Xobeh.
  6590 | D:9      | Found a glowing silver altar of Zin.
  6677 | D:9      | Found a basalt altar of Yredelemnul.
  6817 | D:10     | Entered Level 10 of the Dungeon
  7111 | D:10     | Reached ** piety under Makhleb
  7167 | D:10     | Found a staircase to the Lair.
  7323 | D:10     | Noticed Snorg
  7566 | D:10     | Slain by Snorg

Vault maps used:
D:1:      minmay_arrival_stone_box
D:2:      lemuel_upstairs_altar
D:3:      okawaru_gym_becter, chequers_ecumenical_altar_simple, uniq_terence
D:4:      kennysheep_mini, amethyst_overflow_temple_binary, serial_undead,
          serial_undead_e, serial_undead_b, serial_undead_a, serial_undead_b
D:5:      first_bread, uniq_eustachio
D:6:      overflow_temple_1_default, grunt_qazlal_clouds, grunt_gozag_statues,
          temple_doors_e, nicolae_ru_path_of_blood, uniq_edmund
D:7:      eat_drink_and_be_merry_uskayaw, enter_bailey_2
D:8:      overflow_temple_1_default, blue_anna_alchemist, uniq_joseph
D:9:      elyvilon_altar_4, lemuel_round_altar, kennysheep_mini_moat,
          minitemple, yredelemnul_altar_generic, david_orc_3,
          grunt_decor_arrowhead
D:10:     lair_entry_dummy, uniq_snorg
Temple:   corrupted_temple

Skill      XL: |  1  2  3  4  5  6  7  8  9 10 |
---------------+-------------------------------+-----
Axes           | 3 4 5 7 9 10 12 13 14 | 14.8
Fighting       | 4 6 |  6.7
Armour         | 5 7 |  7.6
Shields        | |  3.2

Action                   |  1- 3 |  4- 6 |  7- 9 | 10-12 || total
-------------------------+-------+-------+-------+-------++-------
Melee: War axe           |   106 |   230 |   424 |     1 ||   761
       Battleaxe         |       |       |       |   201 ||   201
 Fire: Blowgun           |       |       |       |    10 ||    10
Throw: Tomahawk          |       |       |       |     6 ||     6
 Abil: Heal Wounds       |       |     6 |    11 |     2 ||    19
Evoke: Wand              |       |       |    14 |     7 ||    21
  Use: Potion            |       |     1 |       |     4 ||     5
       Scroll            |       |       |    14 |     4 ||    18
 Stab: Paralysed         |       |       |     8 |       ||     8
  Eat: Chunk             |       |     4 |    12 |     6 ||    22
Armor: Scale mail        |    37 |    86 |    65 |       ||   188
       Plate armour      |       |       |   141 |   152 ||   293
       Skin              |       |       |       |    14 ||    14
Dodge: Dodged            |    37 |    59 |    67 |    78 ||   241
Block: Shield            |    52 |   113 |   169 |       ||   334

Table legend:
 A = Spawn XP
 B = Non-spawn XP
 C = Spawn XP percentage of total XP
 D = Spawn monster count
 E = Non-spawn monster count
 F = Spawn count percentage of total count
 G = Total turns spent on level
                    A         B        C        D         E        F      G
               +---------+---------+-------+---------+---------+-------+---------
         Total |       0 |   10666 |   0.0 |       0 |     221 |   0.0 |  7566
               +---------+---------+-------+---------+---------+-------+---------
           D:1 |       0 |      29 |   0.0 |       0 |      15 |   0.0 |   395
           D:2 |       0 |      82 |   0.0 |       0 |      26 |   0.0 |   538
           D:3 |       0 |     361 |   0.0 |       0 |      31 |   0.0 |   787
           D:4 |       0 |     756 |   0.0 |       0 |      27 |   0.0 |   984
           D:5 |       0 |     725 |   0.0 |       0 |      15 |   0.0 |   769
           D:6 |       0 |     868 |   0.0 |       0 |      14 |   0.0 |   808
           D:7 |       0 |    1306 |   0.0 |       0 |      14 |   0.0 |   625
           D:8 |       0 |    1018 |   0.0 |       0 |      12 |   0.0 |   831
           D:9 |       0 |    2999 |   0.0 |       0 |      42 |   0.0 |  1097
          D:10 |       0 |    2522 |   0.0 |       0 |      25 |   0.0 |   683
               +---------+---------+-------+---------+---------+-------+---------
